 Dungeon Crawl Stone Soup version 0.22.1-1-ga44c0e56f4 (webtiles) character file.

764 Ihlosi the Fighter (level 7, 0/81 HPs)
             Began as an Ogre Fighter on Oct 29, 2018.
             Slain by an ice beast (11 damage)
             ... on level 5 of the Dungeon.
             The game lasted 00:17:15 (6438 turns).

Ihlosi the Fighter (Ogre Fighter)                   Turns: 6438, Time: 00:17:15

Health: 0/81       AC:  3    Str: 21    XL:     7   Next: 81%
Magic:  7/7        EV:  8    Int:  9    God:
Gold:   156        SH:  8    Dex: 10    Spells: 6/6 levels left

rFire    . . .     SeeInvis .   m - +0 mace
rCold    . . .     Gourm    .   c - +0 shield
rNeg     + + .     Faith    .   b - +0 robe
rPois    .         Spirit   .   (helmet restricted)
rElec    .         Reflect  .   (no cloak)
rCorr    .         Harm     .   (gloves unavailable)
MR       +....                  (boots unavailable)
Stlth    +.........             q - amulet of Kyizox {+Rage rN++ MR+}
HPRegen  0.23/turn              (no ring)
MPRegen  0.10/turn              (no ring)

@: about to teleport, starving
A: large, unfitting armour, tough skin 1
a: Evoke Berserk Rage


You were on level 5 of the Dungeon.
You were starving.

You visited 1 branch of the dungeon, and saw 5 of its levels.

You collected 156 gold pieces.

Inventory:

Hand Weapons
 a - a +0 flail
 m - a +0 mace (weapon)
 n - a +0 morningstar
 o - a +0 giant spiked club
Armour
 b - a +0 robe (worn)
 c - a +0 shield (worn)
Jewellery
 q - the amulet of Kyizox (around neck) {+Rage rN++ MR+}
   (You found it on level 5 of the Dungeon)

   [amulet of rage]

   It greatly protects you from negative energy.
   It affects your resistance to hostile enchantments.
   It lets you go berserk.
Scrolls
 d - a scroll of remove curse {unknown}
 e - a scroll of teleportation
 g - 5 scrolls of identify
 i - a scroll of enchant armour {unknown}
 j - 3 scrolls of amnesia {unknown}
 k - a scroll of immolation {unknown}
 r - a scroll of acquirement {unknown}
Potions
 h - a potion of brilliance
Comestibles
 f - 9 rations


   Skills:
 * Level 8.3 Fighting
 + Level 5.7 Maces & Flails
 - Level 3.0 Dodging
 - Level 3.0 Shields


You had 6 spell levels left.
You didn't know any spells.
Your spell library was empty.

Dungeon Overview and Level Annotations

Branches:
Dungeon (5/15)
 Temple: D:4-7

Altars:
Sif Muna

Shops:
D:4 *


Innate Abilities, Weirdness & Mutations

You are too large for most types of armour.
You have tough skin. (AC +1)


Message History

The ice beast barely misses you.
You flicker for a moment.
It was a potion of magic.
Magic courses through your body. The ice beast barely misses you.
You flicker back into view.
Found a large shield.
Your magical contamination has completely faded away.
An ogre comes into view. It is wielding a giant club.
The ogre shouts!
The leopard gecko hisses angrily.
The ogre closely misses you. The ice beast hits you.
* * * LOW HITPOINT WARNING * * *
The ice beast freezes you!
* * * LOW HITPOINT WARNING * * *
You are starving!
As you read the scroll of teleportation, it crumbles to dust.
You feel strangely unstable. The ice beast hits you.
* * * LOW HITPOINT WARNING * * *
The ice beast freezes you!
You die...

#########################
#...........#...........#
#.###.#.###....########.######
#.###.#......#.# #.......
#.##.....##....# #####.###.##
#.##..#.###.#### ##.#.#.#.#.#.
#.##...l.Ol.######............
#.......###.a...###.#.#.#.#.#.
####.O### #.Y@.<#........<....
####.#####.....#.#.#.#.#.#.#.
#.......##.....#.##.##...####
#.##l##a##.....#.##.....##
#.#...#.####<###.####..##
#.#...#.# #.# #.......#
#.#...#.####.########.##
#......O.....#...## #.#
####.#.l..........###.#


You could see an ice beast, an ogre, a worker ant and a leopard gecko.

Vanquished Creatures
  A phantom (D:4)
  2 ogres
  A centaur (D:5)
  2 centaur skeletons
  4 orc wizards
  An iguana (D:5)
  A gnoll (D:1)
  6 adders
  A shadow imp (D:2)
  An ooze (D:5)
  An adder zombie (D:5)
  6 worms
  4 dart slugs
  2 leopard geckos
  12 orcs
  4 giant cockroaches
  10 goblins
  10 hobgoblins
  13 jackals
  4 quokkas
  8 bats
  2 frilled lizards
  5 kobolds
  A leopard gecko skeleton (D:4)
  2 quokka skeletons (D:4)
  10 rats
  A plant (D:4)
115 creatures vanquished.

Notes
Turn   | Place    | Note
-------+----------+-------------------------------------------
     0 | D:1      | Ihlosi the Ogre Fighter began the quest for the Orb.
     0 | D:1      | Reached XP level 1. HP: 24/24 MP: 1/1
   246 | D:1      | Reached XP level 2. HP: 32/32 MP: 2/2
   392 | D:1      | Reached XP level 3. HP: 20/40 MP: 3/3
  1627 | D:2      | Reached skill level 5 in Fighting
  1694 | D:2      | Reached XP level 4. HP: 25/50 MP: 4/4
  2837 | D:3      | Reached XP level 5. HP: 44/57 MP: 5/5
  3245 | D:2      | Reached skill level 6 in Fighting
  3534 | D:3      | Reached XP level 6. HP: 63/67 MP: 6/6
  4417 | D:4      | Found a deep blue altar of Sif Muna.
  4505 | D:4      | Reached skill level 7 in Fighting
  4749 | D:4      | Found Mutubim's Assorted Antiques.
  4906 | D:4      | Noticed a phantom
  4922 | D:4      | Killed a phantom
  4922 | D:4      | Reached XP level 7. HP: 49/78 MP: 7/7
  4927 | D:4      | Reached skill level 5 in Maces & Flails
  5114 | D:5      | Entered Level 5 of the Dungeon
  5964 | D:5      | Got a transparent crystal amulet
  5967 | D:5      | Identified the amulet of Kyizox {+Rage rN++ MR+} (You found
                  | it on level 5 of the Dungeon)
  5989 | D:5      | Reached skill level 8 in Fighting
  6438 | D:5      | Slain by an ice beast

Skill      XL: |  1  2  3  4  5  6  7 |
---------------+----------------------+-----
Maces & Flails | 2 3 4 5 |  5.7
Shields        | 3 |  3.0
Dodging        | 3 |  3.0
Fighting       | 5 6 7 8 |  8.3

Action                   |  1- 3 |  4- 6 |  7- 9 || total
-------------------------+-------+-------+-------++-------
Melee: Flail             |   142 |   103 |       ||   245
       Mace              |       |   184 |   112 ||   296
 Abil: Evoke Berserk Rag |       |       |     1 ||     1
  Use: Potion            |     1 |     3 |     2 ||     6
       Scroll            |       |       |     3 ||     3
 Stab: Distracted        |       |     1 |       ||     1
       Sleeping          |       |     2 |       ||     2
       Invisible         |       |       |     1 ||     1
  Eat: Chunk             |     3 |    10 |     1 ||    14
       Ration            |       |       |     1 ||     1
Armor: Robe              |    35 |    61 |     6 ||   102
Dodge: Dodged            |    57 |    75 |    27 ||   159
Block: Shield            |    83 |   111 |    37 ||   231
